AoeStats
← DXT

Arena

510297832Analyzed
1v1 RM · 1d ago on Sep 30, 2026· 27m 44s· 2 players
Game mode
Random Map
Map size
Tiny (2 player)
Population
200
Speed
Normal
Resources
Standard
Victory
Conquest
Starting age
Dark Age
Ending age
Imperial Age
RankedLock teamsTeams togetherTeam positionsShared explorationLock speedFull tech treeHidden civsTurbo modeCheats
Victory
Defeat
🇨🇳 Georgians · China
534
+17
553
-17
DXT
11:28 Feudal Age
12:28 Horse Collar
19:15 Castle Age
17:55 Gold Mining
17:56 Double-Bit Axe
21:49 Forging
21:45 Scale Barding Armor
21:04 Pikeman
21:57 Bloodlines
21:47 Husbandry
23:51 Chain Barding Armor
这游戏到底谁在赢
9:52 Feudal Age
11:13 Double-Bit Axe
16:31 Loom
19:18 Castle Age
21:04 Scale Barding Armor
23:56 Wheelbarrow
24:23 Husbandry
24:33 Pikeman
25:37 Scale Mail Armor
26:36 Gold Mining
26:40 Stone Mining
28:01 Chain Mail Armor
Connection lost

Rejoining the realm…

Still unreachable

The connection could not be restored.

Session expired

The server has moved on; the page needs a fresh start.